 Dungeon Crawl Stone Soup version 0.31.0-32-g396128a36d (webtiles) character file.

Game seed: 9877263347386692079

8340 bnorton916 the Summoner (level 11, -17/47 HPs)
             Began as a Felid Summoner on Mar 29, 2024.
             Was an Initiate of Gozag.
             Demolished by Fannar
             ... wielding a staff of cold
              (29 damage)
             ... on level 12 of the Dungeon.
             The game lasted 00:50:55 (21302 turns).

bnorton916 the Summoner (Felid Summoner)           Turns: 21302, Time: 00:50:56

Health: -17/47     AC:  2    Str: 10    XL:     11   Next: 8%
Magic:  17/24      EV: 19    Int: 23    God:    Gozag
Gold:   875        SH:  0    Dex: 17    Spells: 5/26 levels left
                                        Lives:  0   Deaths: 4

rFire   + . .        (weapon unavailable)
rCold   . . .        (shield unavailable)
rNeg    . . .        (body armour unavailable)
rPois   .            (helmet unavailable)
rElec   .            (cloak unavailable)
rCorr   .            (gloves unavailable)
SInv    +            (boots unavailable)
Will    +....        (no amulet)
Stlth   +++          h - ring of protection from fire
HPRegen 0.27/turn    u - +6 ring of strength
MPRegen 0.19/turn

%: no passive effects
@: unable to call your familiar
A: very small, claws 1, fangs 3, see invisible, shaggy fur 2, stealthy paws, no
weapons or thrown items, no armour, multi-lived
a: Renounce Religion, Potion Petition, Call Merchant, Bribe Branch


You were on level 12 of the Dungeon.
You worshipped Gozag.
Gozag was pleased with you.
You visited 2 branches of the dungeon, and saw 13 of its levels.
You also visited: Bailey.

You collected 1392 gold pieces.
You spent 305 gold pieces at shops.
You paid 212 gold pieces to Gozag.

Inventory:

Jewellery
 h - a ring of protection from fire (left paw)
 u - a +6 ring of strength (right paw)
 v - a +6 ring of strength
 A - a ring of protection from fire
Talismans
 i - a blade talisman
 k - a maw talisman
Wands
 j - a wand of flame (18)
Scrolls
 d - 3 scrolls of teleportation
 f - 4 scrolls of immolation
 l - a scroll of noise
 m - 3 scrolls of revelation
 p - 3 scrolls of summoning
 q - a scroll of poison {unknown}
 t - 2 scrolls of fear {unknown}
 x - a scroll of vulnerability {unknown}
 y - a scroll of brand weapon {unknown}
 z - a scroll of amnesia {unknown}
 C - a scroll of enchant weapon {unknown}
Potions
 a - a potion of magic
 b - 7 potions of curing
 c - 5 potions of heal wounds
 e - a potion of might {unknown}
 g - 2 potions of haste {unknown}
 n - a potion of degeneration {unknown}
 o - 4 potions of lignification {unknown}
 r - a potion of resistance
 s - a potion of ambrosia {unknown}
 w - a potion of brilliance
 B - a potion of enlightenment {unknown}


   Skills:
 - Level 5.0 Dodging
 - Level 5.5 Stealth
 - Level 8.0 Spellcasting
 + Level 12.3 Summonings
 * Level 7.1 Translocations
 - Level 3.0 Ice Magic
 + Level 4.8 Air Magic


You had 5 spell levels left.
You knew the following spells:

 Your Spells              Type           Power      Damage    Failure   Level
a - Summon Small Mammal   Summ           100%       N/A       1%          1
b - Call Imp              Summ           100%       N/A       1%          2
c - Call Canine Familiar  Summ           60%        N/A       1%          3
d - Summon Ice Beast      Ice/Summ       44%        N/A       1%          3
e - Summon Lightning Spi  Summ/Air       48%        N/A       1%          4
f - Airstrike             Air            15%        2d(3-19)  10%         4
g - Iskenderun's Mystic   Conj/Tloc      25%        2d7       16%         4

Your spell library contained the following spells:

 Spells                   Type           Power      Damage    Failure   Level
 Static Discharge         Conj/Air       40%        3-5/arc   3%          2
 Volatile Blastmotes      Fire/Tloc      50%        2d14      4%          3
 Summon Blazeheart Golem  Fire/Summ      37%        N/A       5%          4
 Sandblast                Erth           18%        2d7       7%          1
 Hailstorm                Conj/Ice       16%        3d6       11%         3
 Passwall                 Erth           9%         N/A       21%         3
 Stone Arrow              Conj/Erth      18%        3d8       21%         3
 Brom's Barrelling Bould  Conj/Erth      9%         2d3       56%         4
 Fulminant Prism          Conj/Alch      4%         3d5       56%         4
 Sticky Flame             Fire/Alch      9%         2d5       56%         4
 Lee's Rapid Deconstruct  Erth           4%         3d5*      88%         5
 Sculpt Simulacrum        Ice/Alch       8%         N/A       99%         6
 Infestation              Necr           4%         N/A       100%        8
 Animate Armour           Summ/Erth      Unusable   N/A       N/A         4

Dungeon Overview and Level Annotations

Branches:
Dungeon (12/15)            Temple (1/1) D:7             Orc (0/2) D:10
 Bailey (visited)
   Lair: D:8-11

Altars:
Ashenzari
Cheibriados
Dithmenos
Elyvilon
Fedhas
Gozag
Hepliaklqana
Kikubaaqudgha
Makhleb
Nemelex Xobeh
Okawaru
Qazlal
Ru
Sif Muna
Trog
Uskayaw
Vehumet
Wu Jian
Xom
Yredelemnul
Zin
The Shining One
Lugonu

Shops:
D:6 *

Portals:
Abyss: D:7

Annotations:
D:4 Edmund
D:5 Pikel
D:12 Fannar, Frances


Innate Abilities, Weirdness & Mutations

You have sharp claws.
You have razor-sharp teeth.
You have supernaturally acute eyesight. (SInv)
You are covered in thick fur. (AC +2)
Your paws help you pounce on unaware monsters.
You are incapable of wielding weapons or throwing items.
You cannot wear armour.
You gain extra lives every three experience levels.


Message History

Casting: Summon Lightning Spire (dangerous; 1% risk of failure)
Confirm with . or Enter, or press ? or * to list all spells.
Okay, then.
Casting: Summon Lightning Spire (dangerous; 1% risk of failure)
Confirm with . or Enter, or press ? or * to list all spells.
You call for your canine familiar and it appears with a howl!
Your lightning spire shoots out a bolt of lightning at the two-headed ogre!
The bolt of electricity hits the two-headed ogre!
Your lightning spire shoots out a bolt of lightning at the two-headed ogre!
The bolt of electricity hits the two-headed ogre!
The teleport trap disappears.
The two-headed ogre disappears!
You swap places.
Fannar the Cold-Hearted comes into view.
They are wielding a staff of cold and wearing a +1 robe of cold resistance.
Your lightning spire shoots out a bolt of lightning at Fannar!
The bolt of electricity hits Fannar!
Unknown command.
Casting: Call Canine Familiar (safe; 1% risk of failure)
Confirm with . or Enter, or press ? or * to list all spells.
A chill wind blows around you.
Unknown command.
Fannar gestures wildly while chanting.
Your lightning spire shoots out a bolt of lightning at Fannar!
The bolt of electricity hits Fannar!
Your ice beast barely misses Fannar.
Your lightning spire disappears in a puff of smoke!
Fannar mumbles some strange words.
Fannar drains the heat from the surrounding environment!
Your ice beast closely misses Fannar.
Unknown command.
Fannar gestures wildly while chanting.
Fannar drains the heat from the surrounding environment!
* * * LOW HITPOINT WARNING * * *
Your inugami dies!
Your inugami disappears in a puff of smoke!
Your ice beast hits Fannar but does no damage.
Unknown command.
Fannar gestures wildly while chanting.
Fannar drains the heat from the surrounding environment!
Ouch! That really hurt!
You die...
Your body crumbles into a pile of gold.

......# ......#
#.≈≈≈≈.~~~≈~..#
#####.#
#.~≈~~........## #
#.......~~~~.... #
####.~~~~~eY≈≈~...
#
..)..~≈≈~≈.Y~≈~.#
#
.....~≈≈~~.~≈≈~.##
# #..~~~~§.~~~~..#
# #..)...@......#
# #####$#####...#
#.# ## #.# #.# #.#
#.# #.# #.#


You could see Fannar (ally target), an ice beast (summoned) and a friendly ice
beast (summoned).

Vanquished Creatures
  A centaur (D:6)
  A wight (D:7)
  A killer bee (D:6)
  An electric eel (D:11)
  An orc (D:3)
  2 endoplasms
  2 giant cockroaches
  3 goblins
  2 hobgoblins
  4 jackals
  A kobold (D:3)
  A quokka (D:1)
20 creatures vanquished.

Vanquished Creatures (collateral kills)
  A two-headed ogre (D:9)
  Nergalle (D:10)
  A deep elf pyromancer (D:10)
  An ugly thing (D:8)
  Jeremiah (D:6)
  A troll (D:9)
  3 hornets
  A shadow (D:12)
  4 yaks (D:10)
  A water elemental (D:12)
  3 steam dragons
  An acid dragon (D:9)
  A water moccasin (D:7)
  7 orc warriors
  3 sky beasts
  2 ogres
  2 centaurs
  A wolf (D:10)
  4 lemures
  3 bullfrogs
  2 gnoll sergeants
  4 wights
  14 killer bees
  4 bombardier beetles
  2 howler monkeys
  4 hounds
  10 orc priests
  5 iguanas
  A sleepcap (D:6)
  2 orc wizards
  Robin (D:4)
  12 gnolls
  12 adders
  A white imp (D:5)
  2 dart slugs
  3 ribbon worms
  39 orcs
  4 ball pythons
  6 endoplasms
  3 giant cockroaches
  15 goblins
  11 hobgoblins
  10 jackals
  4 quokkas
  3 bats
  2 frilled lizards (D:2)
  A kobold (D:4)
  5 rats
224 creatures vanquished.

Vanquished Creatures (others)
  A hobgoblin (D:2)
  2 lurking horrors (D:7)
3 creatures vanquished.

Grand Total: 247 creatures vanquished

Notes
Turn   | Place    | Note
-------+----------+-------------------------------------------
     0 | D:1      | bnorton916 the Felid Summoner began the quest for the Orb.
     0 | D:1      | Reached XP level 1. HP: 9/9 MP: 4/4
   124 | D:1      | Reached XP level 2. HP: 10/13 MP: 4/6
   144 | D:1      | Learned a level 2 spell: Call Imp
   290 | D:1      | Reached XP level 3. HP: 3/16 MP: 3/7
   506 | D:1      | Learned a level 3 spell: Call Canine Familiar
  1863 | D:2      | Reached XP level 4. HP: 21/21 MP: 1/8
  1863 | D:2      | Gained a life (2 lives remaining)
  2669 | D:3      | Noticed an ogre
  2700 | D:3      | Killed an ogre
  2701 | D:3      | Reached XP level 5. HP: 24/24 MP: 7/10
  2780 | D:3      | Found a radiant altar of Vehumet.
  2921 | D:3      | Found a burning altar of Makhleb.
  3346 | D:3      | Found a shimmering altar of Xom.
  3795 | D:3      | Reached skill level 5 in Stealth
  3856 | D:4      | Reached skill level 5 in Summonings
  3856 | D:4      | Gained mutation: You are covered in thick fur. (AC +2)
                  | [Felid growth]
  3856 | D:4      | Reached XP level 6. HP: 28/28 MP: 8/12
  4586 | D:4      | Reached skill level 5 in Dodging
  4703 | D:4      | Noticed Edmund
  5058 | D:4      | Noticed Robin
  5100 | D:4      | Killed Robin
  5508 | D:4      | Learned a level 3 spell: Summon Ice Beast
  5818 | D:5      | Entered Level 5 of the Dungeon
  6092 | D:5      | Reached skill level 1 in Ice Magic
  6205 | D:5      | Reached XP level 7. HP: 32/32 MP: 8/13
  6787 | D:6      | Reached skill level 6 in Summonings
  7595 | D:6      | Reached skill level 5 in Spellcasting
  7595 | D:6      | Reached XP level 8. HP: 36/36 MP: 9/16
  7685 | D:6      | Noticed Pikel
  8141 | D:6      | Found Ynuzigabb's General Store.
  9086 | D:6      | Noticed Jeremiah
  9257 | D:6      | Killed Jeremiah
  9258 | D:6      | Reached skill level 7 in Summonings
  9521 | D:7      | Found a one-way gate to the infinite horrors of the Abyss.
  9532 | D:7      | Found a corrupted altar of Lugonu.
  9918 | D:7      | Found a flagged portal.
  9959 | Bailey   | Entered a bailey
 11522 | D:7      | Reached skill level 8 in Summonings
 11536 | D:7      | HP: 1/36 [killer bee (6)]
 11686 | D:7      | Slain by a wight
 11686 | D:7      | Lost a life (1 life remaining)
 11744 | D:7      | Reached XP level 9. HP: 10/38 MP: 15/20
 11744 | D:7      | Gained a life (2 lives remaining)
 11956 | D:7      | Learned a level 4 spell: Summon Lightning Spire
 12294 | D:7      | Reached skill level 1 in Air Magic
 12361 | D:7      | Found a staircase to the Ecumenical Temple.
 12380 | Temple   | Entered the Ecumenical Temple
 12401 | Temple   | Became a worshipper of Gozag Ym Sagoz the Greedy
 12908 | D:8      | Noticed a white ugly thing
 12917 | D:8      | Killed a white ugly thing
 13150 | D:8      | Reached skill level 9 in Summonings
 13404 | D:6      | Bought a potion of brilliance for 52 gold pieces
 13404 | D:6      | Bought a scroll of blinking for 97 gold pieces
 13404 | D:6      | Bought a potion of heal wounds for 65 gold pieces
 13404 | D:6      | Bought a potion of heal wounds for 65 gold pieces
 13404 | D:6      | Bought a scroll of identify for 26 gold pieces
 14775 | D:8      | Learned a level 4 spell: Airstrike
 15258 | D:9      | Noticed a troll
 15468 | D:9      | Reached skill level 10 in Summonings
 15468 | D:9      | Reached XP level 10. HP: 44/44 MP: 12/23
 16006 | D:9      | Noticed a two-headed ogre
 16015 | D:9      | Killed a two-headed ogre
 16408 | D:9      | Reached skill level 11 in Summonings
 16732 | D:10     | Entered Level 10 of the Dungeon
 17027 | D:10     | Got the Secrets of Accelerants and the Undead
 17043 | D:10     | Learned a level 4 spell: Iskenderun's Mystic Blast
 17141 | D:10     | Found a staircase to the Orcish Mines.
 17234 | D:10     | Reached skill level 12 in Summonings
 17490 | D:10     | Found a bloodstained altar of Trog.
 17629 | D:10     | Noticed a deep elf pyromancer
 17641 | D:10     | Killed a deep elf pyromancer
 17986 | D:10     | Reached skill level 5 in Translocations
 18758 | D:10     | Noticed Nergalle
 19372 | D:11     | Killed from afar by an electric eel
 19372 | D:11     | Lost a life (1 life remaining)
 19875 | D:11     | Noticed a two-headed ogre
 20451 | D:10     | Killed Nergalle
 20452 | D:10     | Reached XP level 11. HP: 47/47 MP: 10/24
 20452 | D:10     | Gained a life (2 lives remaining)
 21112 | D:12     | Noticed Frances
 21126 | D:12     | HP: 1/47 [orange demon[Frances] (3)]
 21126 | D:12     | Mangled by a hellwing
 21126 | D:12     | Lost a life (1 life remaining)
 21142 | D:12     | Killed from afar by Frances
 21142 | D:12     | Lost a life (0 lives remaining)
 21285 | D:12     | Noticed a two-headed ogre
 21294 | D:12     | Noticed Fannar
 21302 | D:12     | Demolished by Fannar

Illustrated notes

Levels and vault maps discovered:
D:1:      dpeg_arrival_lava_altar, layout_rooms
D:2:      layout_loops_ring, minmay_unequal
D:3:      layout_basic, nicolae_vehumet_radiance, overflow_temple_1_default,
          mainiacjoe_overflow_chevrons, dreamdust_princess_corridor
D:4:      layout_loops_corners, uniq_robin, uniq_edmund
D:5:      layout_basic, grunt_decor_arrowhead
D:6:      layout_gridville, serial_shops, nicolae_shop_tiny_waterfront,
          uniq_pikel, uniq_jeremiah
D:7:      layout_basic, minmay_temple_entry_grid, enter_bailey_3,
          nicolae_zen_rock_garden, grunt_ministairs_8,
          amcnicky_altar_lugonu_corruption
D:8:      layout_cave_pods
D:9:      layout_roguey
D:10:     layout_loops_ring, lemuel_tele_altar, david_orc_5, uniq_nergalle
D:11:     layout_loops_ring, erik_lair_island, serial_shops,
          nicolae_shop_peninsula
D:12:     layout_long_grid, minivault_14, uniq_frances, uniq_fannar
Temple:   regret_index_temple_mists

Skill      XL: |  1  2  3  4  5  6  7  8  9 10 11 |
---------------+----------------------------------+-----
Dodging        | 3 4 5 |  5.0
Stealth        | 3 4 5 |  5.5
Spellcasting   | 3 5 6 8 |  8.0
Summonings     | 5 6 8 10 12 | 12.3
Ice Magic      | 1 3 |  3.0
Air Magic      | 4 |  4.8
Translocations | 6 7 |  7.1

Action                     |  1- 3 |  4- 6 |  7- 9 | 10-12 || total
---------------------------+-------+-------+-------+-------++-------
  Melee: Unarmed           |    27 |    24 |    19 |    19 ||    89
         Bite              |     2 |     5 |     4 |     3 ||    14
   Cast: Summon Small Mamm |    25 |    34 |    30 |     9 ||    98
         Call Imp          |    15 |    35 |    43 |    21 ||   114
         Call Canine Famil |     2 |    19 |    45 |    24 ||    90
         Summon Ice Beast  |       |     1 |    45 |    17 ||    63
         Summon Lightning  |       |       |     8 |    21 ||    29
         Airstrike         |       |       |     1 |     5 ||     6
  Evoke: Wand              |       |       |     3 |       ||     3
    Use: Scroll            |       |       |    12 |     3 ||    15
         Potion            |       |       |     3 |       ||     3
   Stab: Distracted        |     1 |     1 |     1 |       ||     3
 Armour: Skin              |    15 |    26 |    71 |    54 ||   166
  Dodge: Dodged            |    45 |    46 |   132 |    74 ||   297
